 Dungeon Crawl Stone Soup version 0.28.0-45-g0d030f2227 (webtiles) character file.

Game seed: 5780524441065520749

800 Descartes the Ruffian (level 7, -2/70 HPs)
             Began as a Troll Chaos Knight on Apr 2, 2022.
             Was a Plaything of Xom.
             Slain by Duvessa
             ... wielding a +0 short sword
              (14 damage)
             ... on level 4 of the Dungeon.
             The game lasted 00:06:16 (2909 turns).

Descartes the Ruffian (Troll Chaos Knight)          Turns: 2909, Time: 00:06:17

Health: -2/70      AC:  7    Str: 18 (21) XL:     7   Next: 59%
Magic:  5/6        EV:  9    Int:  7 (8)  God:    Xom [..*...]
Gold:   137        SH:  0    Dex:  9 (11) Spells: 2/6 levels left

rFire   . . .      SeeInvis .     - Unarmed
rCold   . . .      Faith    .   (no shield)
rNeg    . . .      Spirit   .   a - +2 robe
rPois   .          Reflect  .   (helmet currently unavailable)
rElec   .          Harm     .   f - +0 cloak
rCorr   .          Rampage  .   (gloves unavailable)
Will    .....                   (boots unavailable)
Stlth   +.........              (no amulet)
HPRegen 1.01/turn               (no ring)
MPRegen 0.10/turn               (no ring)

@: appendages (expiring), hasted, very quick
A: horns 2, talons 2, large, unfitting armour, claws 3, regeneration 1, shaggy
fur 1, tough skin 1
a: End Transformation, Renounce Religion


You were on level 4 of the Dungeon.
You worshipped Xom.
You were a toy of Xom.
You had temporarily grown beastly horns and talons.
You visited 2 branches of the dungeon, and saw 6 of its levels.

You collected 137 gold pieces.

Inventory:

Hand Weapons
 h - a +0 battleaxe
 t - a +2 trident of flaming
Missiles
 b - 94 stones (quivered)
 l - 5 large rocks
 s - a throwing net
 x - 17 poisoned darts
 A - a boomerang
Armour
 a - a +2 robe (worn)
 f - a +0 cloak (worn)
Jewellery
 o - a ring of resist corrosion
 q - a ring of magical power
 u - a +6 ring of strength
Scrolls
 c - 2 scrolls of blinking {unknown}
 d - a scroll of holy word {unknown}
 e - 2 scrolls of fog {unknown}
 g - a scroll of noise {unknown}
 i - a scroll of amnesia {unknown}
 k - a scroll of fear {unknown}
 m - a scroll of enchant armour {unknown}
 p - 3 scrolls of identify {unknown}
 y - a scroll of summoning {unknown}
 z - a scroll of teleportation {unknown}
Potions
 j - a potion of degeneration
 n - a potion of haste
 w - a potion of invisibility {unknown}


   Skills:
 + Level 4.3 Fighting
 - Level 1.9 Dodging
 * Level 6.7 Unarmed Combat
 + Level 2.2 Translocations
 + Level 1.4 Transmutations


You had 2 spell levels left.
You knew the following spells:

 Your Spells              Type           Power      Damage    Failure   Level
a - Beastly Appendage     Tmut           4%         N/A       26%         1
b - Apportation           Tloc           6%         N/A       19%         1
c - Passwall              Tmut/Erth      0%         N/A       47%         2

Your spell library contained the following spells:

 Spells                   Type           Power      Damage    Failure   Level
 Wereblood                Tmut           2%         N/A       36%         2
 Animate Skeleton         Necr           0%         N/A       43%         1
 Foxfire                  Conj/Fire      0%         2x1d4     43%         1
 Summon Small Mammal      Summ           0%         N/A       43%         1
 Ensorcelled Hibernation  Hex/Ice        0%         N/A       56%         2
 Spider Form              Tmut/Pois      1%         N/A       71%         3
 Ignite Poison            Fire/Tmut/Pois 0%         N/A       75%         3
 Conjure Flame            Conj/Fire      0%         6-21      80%         3
 Inner Flame              Hex/Fire       0%         N/A       80%         3
 Swiftness                Air            0%         N/A       80%         3
 Airstrike                Air            0%         N/A       99%         4
 Flame Wave               Conj/Fire      0%         2d4       99%         4
 Summon Lightning Spire   Summ/Air       0%         N/A       99%         4
 Blade Hands              Tmut           1%         N/A       100%        5
 Lightning Bolt           Conj/Air       0%         1d11      100%        5
 Metabolic Englaciation   Hex/Ice        0%         N/A       100%        5
 Simulacrum               Ice/Necr       0%         N/A       100%        6


Dungeon Overview and Level Annotations

Branches:
Dungeon (5/15)             Temple (1/1) D:4

Altars:
Ashenzari
Cheibriados
Dithmenos
Elyvilon
Fedhas
Gozag
Hepliaklqana
Kikubaaqudgha
Makhleb
Nemelex Xobeh
Okawaru
Qazlal
Sif Muna
Trog
Wu Jian
Yredelemnul
Zin
The Shining One

Shops:
D:4 :

Annotations:
D:4 Duvessa
D:5 Prince Ribbit


Innate Abilities, Weirdness & Mutations

You have temporarily grown beastly horns and talons.
You are too large for most types of armour.
You have claws for hands.
Your natural rate of healing is unusually fast.
You are covered in fur. (AC +1)
You have tough skin. (AC +1)


Message History

Prince Ribbit catches a baby bat with his tongue.
Duvessa barely misses you. The adder skeleton misses you.
Prince Ribbit blinks!
Duvessa rages.
Prince Ribbit hits you!
* * * LOW HITPOINT WARNING * * *
Prince Ribbit blinks!
Prince Ribbit blinks!
There is a stone staircase leading up here.
Duvessa hits you with a +0 short sword!
* * * LOW HITPOINT WARNING * * *
You climb upwards.
There is a stone staircase leading down here.
You feel much better. Duvessa hits you with a +0 short sword.
You scratch Duvessa.
Duvessa is heavily wounded.
Duvessa hits you with a +0 short sword!
* * * LOW HITPOINT WARNING * * *
Cast which spell? (? or * to list)
You grow a pair of large bovine horns.
Your feet morph into talons.
Duvessa hits you with a +0 short sword!
* * * LOW HITPOINT WARNING * * *
You closely miss Duvessa. You claw Duvessa, but do no damage.
Duvessa is heavily wounded.
Unknown command.
You scratch Duvessa. You headbutt Duvessa, but do no damage.
Duvessa is heavily wounded.
Duvessa hits you with a +0 short sword.
* * * LOW HITPOINT WARNING * * *
Duvessa rages.
It was a potion of curing.
You feel better. Duvessa hits you but does no damage.
You barely miss Duvessa. You claw Duvessa.
Duvessa is heavily wounded.
Duvessa completely misses you.
You barely miss Duvessa. Your kick misses Duvessa.
Duvessa is heavily wounded.
Duvessa hits you with a +0 short sword!
You die...
Xom titters!

#########
#.......#
#<#####.# #.# #.#
#.#
###.############
#.#
#..............#
#.#
#.#.####.##.##.##
#.# #.#.#
#.##.#...####
#.###.#@#
#.##...<.....
#....∩.e#
#.####...###.
####...##
#>#####.## ##
#...# #.......#
##.## #######.#
#.# ##'## #.#
##...## #.####
##.....## #.##.##
##.......##


You could see Duvessa (berserk).

Vanquished Creatures
  A necrophage (D:5)
  A kobold brigand (D:5)
  Blork the orc (D:5)
  2 scorpions (D:4)
  Dowan (D:5)
  4 jellies
  A bullfrog skeleton (D:3)
  A hound (D:3)
  A hound skeleton (D:4)
  Robin (D:2)
  3 gnolls (D:5)
  8 adders
  2 adder skeletons (D:4)
  2 worms
  10 orcs (D:4)
  4 endoplasms
  2 giant cockroaches
  13 goblins
  10 hobgoblins
  3 jackals (D:2)
  13 kobolds
  2 quokkas
  2 ball pythons
  4 bats
  5 frilled lizards
  4 rats
101 creatures vanquished.

Notes
Turn   | Place    | Note
-------+----------+-------------------------------------------
     0 | D:1      | Descartes the Troll Chaos Knight began the quest for the
                  | Orb.
     0 | D:1      | Reached XP level 1. HP: 22/22 MP: 0/0
   124 | D:1      | XOM: divination: detect creatures
   206 | D:1      | Reached XP level 2. HP: 27/29 MP: 1/1
   273 | D:1      | Found a faded altar of an unknown god.
   548 | D:2      | XOM: silly message
   562 | D:2      | Reached XP level 3. HP: 36/36 MP: 2/2
   649 | D:2      | Reached skill level 4 in Unarmed Combat
   941 | D:2      | Learned a level 1 spell: Apportation
   971 | D:2      | XOM: cast spell 'Leda's Liquefaction'
   976 | D:2      | Reached XP level 4. HP: 45/45 MP: 3/3
  1003 | D:2      | Noticed Robin
  1014 | D:2      | Killed Robin
  1119 | D:3      | XOM: noise
  1127 | D:3      | XOM: cast spell 'Summon Small Mammal'
  1140 | D:3      | Found a shimmering blue altar of Sif Muna.
  1266 | D:3      | Reached skill level 5 in Unarmed Combat
  1266 | D:3      | Reached XP level 5. HP: 49/53 MP: 4/4
  1272 | D:3      | Found an ornate altar of the Wu Jian Council.
  1286 | D:3      | XOM is BORED!
  1286 | D:3      | XOM: polymorph rat -> hound
  1289 | D:3      | XOM: noise
  1345 | D:3      | Got the Incunabulum of the Frostbite and Transmutation
  1408 | D:3      | Found a bloodstained altar of Trog.
  1628 | D:3      | Found a white marble altar of Elyvilon.
  1628 | D:3      | Found a blossoming altar of Fedhas.
  1628 | D:3      | Found a broken altar of Ashenzari.
  1823 | D:4      | Reached skill level 1 in Translocations
  1892 | D:4      | XOM: potion effect (brilliance)
  1897 | D:4      | Reached XP level 6. HP: 62/62 MP: 5/5
  1969 | D:4      | Found an ancient bone altar of Kikubaaqudgha.
  2008 | D:4      | Found Pekuxing's Book Shop.
  2018 | D:4      | Learned a level 1 spell: Beastly Appendage
  2021 | D:4      | Learned a level 2 spell: Passwall
  2199 | D:4      | Reached skill level 6 in Unarmed Combat
  2299 | D:4      | Found a staircase to the Ecumenical Temple.
  2310 | Temple   | Entered the Ecumenical Temple
  2516 | D:4      | Found a basalt altar of Yredelemnul.
  2533 | D:4      | XOM: divination: detect creatures
  2607 | D:4      | XOM: noise
  2748 | D:5      | Entered Level 5 of the Dungeon
  2764 | D:5      | Noticed Blork the orc
  2768 | D:5      | Killed Blork the orc
  2769 | D:5      | Reached XP level 7. HP: 70/70 MP: 6/6
  2789 | D:5      | Reached skill level 1 in Transmutations
  2838 | D:5      | XOM: cloud trail
  2865 | D:5      | Noticed Dowan
  2866 | D:5      | Noticed Duvessa
  2870 | D:5      | Noticed Prince Ribbit
  2873 | D:5      | Noticed a steam dragon
  2875 | D:5      | Killed Dowan
  2905 | D:4      | HP: 2/70 [Duvessa/+0 short sword (6)]
  2909 | D:4      | Slain by Duvessa

Illustrated notes

Levels and vault maps discovered:
D:1:      giann_horns, layout_rooms, shapermc_ecumenical_altar_acropolis,
          minivault_11, nicolae_concentric_dashed_squares_wild,
          minmay_tree_intersection
D:2:      layout_rooms, mrwooster_statue_mirror, uniq_robin
D:3:      layout_rooms, mainiacjoe_overflow_concentric_impassable,
          mainiacjoe_overflow_boulevard, trog_hazing_becter,
          gammafunk_temple_overflow_claw, hangedman_glass_teeth
D:4:      layout_loops_corners, mainiacjoe_overflow_surrounded_room,
          old_standard_altar, minmay_temple_entry_glassed_door, serial_shops,
          shop, st_stairs_3, minmay_misc_feat_pillars,
          kennysheep_generic_room_15
D:5:      layout_basic, minmay_crystal_water, minmay_misc_feat_diagonals,
          uniq_ijyb, uniq_blork_the_orc, uniq_prince_ribbit1, uniq_duvessa
Temple:   compressed_dpeg_circular_temple

Skill      XL: |  1  2  3  4  5  6  7 |
---------------+----------------------+-----
Unarmed Combat | 4 5 6 |  6.7
Fighting       | 3 4 |  4.3
Translocations | 1 2 |  2.2
Transmutations | 1 |  1.4
Dodging        | |  1.9

Action                   |  1- 3 |  4- 6 |  7- 9 || total
-------------------------+-------+-------+-------++-------
Melee: Unarmed           |   105 |   131 |    39 ||   275
       Punch             |       |     3 |     4 ||     7
       Kick              |       |       |     1 ||     1
       Headbutt          |       |       |     1 ||     1
 Cast: Beastly Appendage |       |       |     1 ||     1
  Use: Potion            |       |       |     5 ||     5
 Stab: Sleeping          |     1 |       |       ||     1
Armor: Robe              |    43 |    33 |    16 ||    92
Dodge: Dodged            |    49 |    65 |    23 ||   137
